cohdb
Replays
Latest Replays
All Replays
Popular Replays
Top Player Replays
Match Explorer
How It Works
Community
CoH3 Stats
Reddit
Sign in to upload your games and track your stats! →
Sign in with Steam
Match 41640079
Unlisted
Match 41640079
Overview
Messages
Build Orders
End
Kradschützen Motorcycle Team
Selects Panzerjäger Kommand Battlegroup
Selects Mine Fields
Panzergrenadier Squad
Panzergrenadier Squad
Construct Light Support Kompanie
Assault Grenadier Squad
Fire Support Elements
Selects Tank Busters
Flakvierling Half-track
2.5-tonne Medical Truck
Panzerjäger Mechanized Group
Imbbe
Kitsuné
0
0
Comments
sign in to comment!
No comments posted yet!